 Dungeon Crawl Stone Soup version 0.22.0 (webtiles) character file.

413 DudePakas the Chopper (level 6, 40/55 HPs)
             Began as a Hill Orc Fighter on Sept 5, 2018.
             Was a Follower of Fedhas.
             Quit the game on level 3 of the Dungeon.
             The game lasted 00:13:37 (3717 turns).

DudePakas the Chopper (Hill Orc Fighter)            Turns: 3717, Time: 00:13:38

Health: 40/55      AC:  9    Str: 20    XL:     6   Next: 91%
Magic:  7/7        EV:  8    Int:  8    God:    Fedhas [*.....]
Gold:   66         SH:  9    Dex: 11    Spells: 5/5 levels left

rFire    . . .     SeeInvis .   a - +1 war axe
rCold    . . .     Gourm    .   c - +0 shield
rNeg     . . .     Faith    .   b - +0 scale mail
rPois    .         Spirit   .   (no helmet)
rElec    .         Reflect  .   (no cloak)
rCorr    .         Harm     .   l - +0 pair of gloves
MR       .....                  q - +0 pair of boots
Stlth    ..........             u - amulet of the acrobat
HPRegen  0.18/turn              (no ring)
MPRegen  0.10/turn              (no ring)

@: no status effects
A: no striking features
a: Fungal Bloom, Sunlight, Renounce Religion


You were on level 3 of the Dungeon.
You worshipped Fedhas.
Fedhas was aware of your devotion.
You were near starving.

You visited 1 branch of the dungeon, and saw 3 of its levels.

You collected 66 gold pieces.

Inventory:

Hand Weapons
 a - a +1 war axe (weapon)
Armour
 b - a +0 scale mail (worn)
 c - a +0 shield (worn)
 l - a +0 pair of gloves (worn)
 q - a +0 pair of boots (worn)
Jewellery
 u - an amulet of the acrobat (around neck)
Scrolls
 g - a scroll of identify
 i - 3 scrolls of teleportation
 j - 2 scrolls of fog
 o - a scroll of enchant weapon
Potions
 h - 2 potions of lignification
 k - 4 potions of heal wounds
 n - a potion of curing
 r - a potion of ambrosia
 t - a potion of mutation
Comestibles
 f - 3 rations


   Skills:
 + Level 4.9 Fighting
 * Level 5.6 Axes
 + Level 4.4 Armour
 + Level 1.9 Dodging
 + Level 4.3 Shields
 * Level 2.0 Invocations


You had 5 spell levels left.
You didn't know any spells.
Your spell library was empty.

Dungeon Overview and Level Annotations

Branches:
Dungeon (3/15)

Altars:
Fedhas


Message History

There is a huge open gate here.
You hit the gnoll.
The gnoll is heavily wounded.
You are near starving!
The gnoll hits you with a club!
You barely miss the gnoll.
The gnoll is heavily wounded.
You block the gnoll's attack. The gnoll hits you but does no damage.
You slash the gnoll!
You kill the gnoll!
No target in view!
No target in view!
No target in view!
You start resting.
A gnoll comes into view. It is wielding a club.
Are you sure you want to abandon this character and quit the game? (Confirm with "yes".)
Okay, then.
Are you sure you want to abandon this character and quit the game? (Confirm with "yes".)
Okay, then.
Are you sure you want to abandon this character and quit the game? (Confirm with "yes".)

,*,,,,*,*,,,,,,,,,,,,,,*,*,,,,*,#
,***'**,*,,,,,,,,,,,,,,*,**+***,#
,,,,,,*,*,,,,,,,,,,,,,,*,*,,,,,,#
,,,,,,*,+,,,,,,,,,,,,,,+,*,,,,,,#
,******###################*****,#
,*,,,,,......#)..)#.......,,,,*,#
,',,,,,......')).))....g..,,,,'g#
'#,,,,,......#...)#.......,,,,#'#
.#############')@'#############..
.#............................#gg
##≈≈≈≈≈≈≈≈≈≈≈≈....≈≈≈≈≈≈≈≈≈≈≈≈###
≈≈≈≈≈≈≈≈≈≈≈≈≈≈....≈≈≈≈≈≈≈≈≈≈≈≈≈≈≈
≈≈≈≈≈≈≈≈≈≈≈≈≈≈....≈≈≈≈≈≈≈≈≈≈≈≈≈≈≈
.................................
....#.)).......)).......#########
######.####.............# #
###..#..............."#


You could see a gnoll (wandering).

Vanquished Creatures
  A gnoll shaman (D:3)
  Jessica (D:2)
  21 gnolls (D:3)
  5 adders
  2 oozes (D:2)
  2 worms (D:2)
  2 dart slugs
  A leopard gecko (D:3)
  4 giant cockroaches
  9 goblins
  5 hobgoblins
  22 jackals
  2 quokkas (D:2)
  6 bats
  4 frilled lizards
  7 kobolds
  11 rats
105 creatures vanquished.

Notes
Turn   | Place    | Note
-------+----------+-------------------------------------------
     0 | D:1      | DudePakas the Hill Orc Fighter began the quest for the Orb.
     0 | D:1      | Reached XP level 1. HP: 19/19 MP: 1/1
   293 | D:1      | Reached skill level 3 in Axes
   341 | D:1      | Reached XP level 2. HP: 25/27 MP: 2/2
   784 | D:2      | Reached XP level 3. HP: 25/33 MP: 3/3
  1001 | D:2      | Noticed Jessica
  1013 | D:2      | Killed Jessica
  1013 | D:2      | Reached XP level 4. HP: 37/40 MP: 4/4
  1247 | D:2      | Reached skill level 4 in Axes
  1466 | D:2      | Reached skill level 1 in Dodging
  2040 | D:3      | Reached XP level 5. HP: 37/47 MP: 5/5
  2885 | D:3      | Reached XP level 6. HP: 53/53 MP: 6/6
  2887 | D:3      | Reached skill level 5 in Axes
  2974 | D:3      | Found a faded altar of an unknown god.
  2993 | D:3      | Became a worshipper of Fedhas Madash
  2993 | D:3      | Reached * piety under Fedhas
  3396 | D:3      | Reached skill level 1 in Invocations
  3446 | D:3      | HP: 1/55 [gnoll/flail (7)]
  3717 | D:3      | Quit the game

Skill      XL: |  1  2  3  4  5  6 |
---------------+-------------------+-----
Axes           | 3 4 5 |  5.6
Fighting       | 4 |  4.9
Dodging        | 1 |  1.9
Armour         | 4 |  4.4
Shields        | 4 |  4.3
Invocations    | 2 |  2.0

Action                   |  1- 3 |  4- 6 || total
-------------------------+-------+-------++-------
Melee: War axe           |    84 |   237 ||   321
  Use: Scroll            |       |    12 ||    12
       Potion            |       |     1 ||     1
  Eat: Chunk             |       |     8 ||     8
Armor: Scale mail        |    51 |   142 ||   193
Dodge: Dodged            |    31 |   112 ||   143
Block: Shield            |    43 |   176 ||   219
